Map: Ascension to Aiur LE

Players

Gil

  • Race: Terran Terran
  • Spawn Location: 5:00

eXile - Winner!

  • Race: Zerg Zerg
  • League: Gold
  • Spawn Location: 11:00

VOD

Have the link to the VOD?

Description

Time

  • Played on: May 17, 2017, 9:41 p.m.
  • Length: 63:42
Show
View Real Time Build Order
Export as new Build Order

Gil Terran 

Build Orders: Mech 

Get SALT Encoding   

  12  0:02  SCV  
  13  0:14  SCV  
  14  0:19  Supply Depot  
  14  0:26  SCV  
  15  0:40  SCV  
  16  0:44  Barracks  
  16  0:52  SCV  
  16  0:56  Refinery  
  17  1:05  SCV  
  18  1:17  SCV  
  19  1:29  SCV  
  20  1:35  Marine  
  20  1:37  Command Center  
  21  1:50  Orbital Command  
  21  1:53  Marine  
  22  2:07  Factory  
  22  2:15  Supply Depot  
  22  2:17  SCV  
  23  2:33  Refinery  
  23  2:37  SCV  
  24  2:42  Supply Depot  
  24  2:49  SCV  
  25  2:53  Factory Tech Lab, Starport  
  25  3:01  SCV  
  25  3:05  Orbital Command  
  26  3:09  Refinery  
  26  3:10  Supply Depot  
  26  3:13  SCV  
  26  3:16  Siege Tank  
  30  3:31  SCV  
  31  3:35  Supply Depot  
  31  3:37  Starport Reactor  
  31  3:41  SCV, Engineering Bay  
  32  3:43  SCV  
  32  3:47  Widow Mine  
  35  4:04  SCV, Armory  
  35  4:09  Supply Depot  
  36  4:16  SCV  
  37  4:22  Missile Turret  
  37  4:26  Liberator  
  37  4:28  SCV  
  38  4:33  Liberator  
  38  4:34  Missile Turret  
  38  4:40  SCV, Refinery  
  38  4:42  Missile Turret  
  45  4:52  SCV  
  46  4:56  Missile Turret  
  46  4:57  SCV  
  47  5:04  SCV  
  47  5:05  Missile Turret  
  48  5:10  SCV  
  48  5:11  Siege Tank  
  52  5:16  SCV  
  53  5:22  SCV  
  53  5:25  Terran Vehicle Weapons Level 1  
  54  5:29  SCV  
  54  5:34  SCV  
  56  5:37  Building Armor  
  56  5:38  Missile Turret  
  56  5:41  SCV  
  57  5:46  SCV  
  58  5:50  Command Center  
  58  5:53  SCV  
  58  5:54  Siege Tank  
  62  5:58  SCV  
  63  6:05  SCV  
  64  6:17  SCV  
  62  6:26  Siege Tank  
  62  6:29  SCV  
  63  6:41  Factory  
  63  6:42  Factory  
  63  6:44  Command Center  
  63  6:51  Missile Turret  
  63  7:14  Missile Turret  
  63  7:17  Armory  
  63  7:19  Hi-Sec Auto Tracking  
  63  7:26  Factory  
  63  7:29  Factory  
  63  7:33  Factory Tech Lab x2  
  63  7:58  Planetary Fortress  
  63  8:12  Thor x2  
  69  8:15  Hellbat x3  
  69  8:17  Terran Vehicle Weapons Level 2  
  69  8:18  Terran Vehicle And Ship Armor Level 1  
  81  8:35  Refinery  
  81  8:36  Hellbat  
  81  8:38  Missile Turret  
  80  8:41  SCV  
  81  8:52  Planetary Fortress  
  81  8:53  SCV  
  82  8:56  Missile Turret  
  82  8:59  Factory Tech Lab x2  
  82  9:01  Thor x2  
  94  9:03  Hellbat  
  94  9:05  SCV  
  97  9:17  SCV  
  97  9:18  Missile Turret  
  97  9:22  Refinery  
  98  9:24  Hellbat  
  98  9:25  Thor, Supply Depot  
  98  9:30  SCV  
  107  9:36  Refinery  
  107  9:38  Missile Turret  
  107  9:40  Missile Turret  
  107  9:42  SCV  
  108  9:46  Engineering Bay  
  108  9:48  Supply Depot  
  108  9:52  Viking  
  110  9:54  SCV  
  110  9:59  Widow Mine  
  113  10:01  Missile Turret  
  113  10:06  SCV  
  114  10:11  Supply Depot  
  114  10:13  Engineering Bay, Terran Vehicle And Ship Armor Level 2  
  114  10:18  SCV, Viking  
  117  10:21  Missile Turret  
  117  10:30  SCV  
  117  10:31  SCV  
  119  10:36  Refinery  
  119  10:42  Engineering Bay  
  119  10:43  SCV  
  119  10:45  Factory  
  120  10:50  Terran Vehicle Weapons Level 3  
  120  10:55  SCV  
  121  11:07  SCV  
  111  11:12  SCV  
  85  11:19  SCV  
  85  11:24  SCV  
  87  11:36  SCV, Thor x3  
  87  11:38  Siege Tank x2  
  87  11:39  Factory Tech Lab  
  112  11:57  Barracks  
  112  12:01  Command Center  
  112  12:09  Thor  
  112  12:10  Siege Tank x2  
  124  12:20  Factory  
  115  13:10  Siege Tank  
  115  13:11  Siege Tank x4  
  130  13:20  Supply Depot  
  130  13:21  Supply Depot  
  130  13:22  Supply Depot  
  130  13:27  Supply Depot  
  130  13:29  Supply Depot  
  130  13:38  SCV  
  131  13:41  Siege Tank  
  131  13:44  Supply Depot  
  131  13:46  Supply Depot  
  131  13:47  Supply Depot  
  134  13:50  SCV, Factory Tech Lab  
  134  13:52  Supply Depot  
  135  13:59  Command Center  
  135  14:07  Supply Depot  
  135  14:11  Supply Depot  
  135  14:15  Thor x3  
  135  14:16  Thor x3  
  171  14:17  Thor  
  177  14:24  Supply Depot  
  177  14:25  Supply Depot  
  177  14:28  Terran Vehicle And Ship Armor Level 3  
  174  14:49  Supply Depot  
  174  14:50  Supply Depot  
  174  15:00  Command Center  
  174  15:01  Refinery  
  174  15:04  Refinery  
  174  15:13  Supply Depot  
  174  15:23  Siege Tank x4  
  174  15:24  Siege Tank  
  147  15:41  Siege Tank x2  
  147  15:54  Missile Turret  
  147  16:14  Engineering Bay  
  147  16:15  Missile Turret  
  147  16:18  Planetary Fortress  
  147  16:24  Missile Turret  
  135  16:30  Liberator x2  
  135  16:34  Hellbat x6  
  135  16:35  Missile Turret  
  135  16:36  Hellbat  
  143  16:40  Engineering Bay  
  143  16:41  Terran Ship Weapons Level 1  
  143  16:44  Missile Turret  
  149  16:55  Thor x6  
  149  16:56  Thor  
  191  17:07  Engineering Bay  
  191  17:08  Missile Turret  
  185  17:26  Missile Turret  
  185  17:31  SCV  
  185  17:34  Engineering Bay  
  186  17:37  Thor  
  186  17:38  Thor  
  186  17:43  SCV  
  199  17:47  Missile Turret  
  199  17:55  SCV  
  200  18:00  Missile Turret  
  200  18:03  Missile Turret  
  200  18:05  Command Center  
  200  18:07  Missile Turret  
  200  18:10  Missile Turret  
  191  18:21  Missile Turret  
  191  18:24  Missile Turret  
  191  18:27  Command Center  
  191  18:30  Missile Turret  
  191  18:36  Thor  
  197  18:41  Missile Turret  
  197  18:44  Missile Turret  
  197  19:05  Missile Turret  
  155  19:26  Missile Turret  
  155  19:39  Siege Tank x4  
  155  19:40  Siege Tank  
  155  19:41  Siege Tank  
  173  19:51  Missile Turret  
  159  20:01  Planetary Fortress  
  159  20:11  Thor  
  159  20:12  Thor x2, Missile Turret  
  158  20:35  Missile Turret  
  158  20:41  Refinery  
  158  20:44  Planetary Fortress  
  158  20:53  Missile Turret  
  158  20:54  Fusion Core  
  158  21:12  SCV, Missile Turret  
  153  21:24  SCV  
  136  21:27  Terran Ship Weapons Level 2  
  136  21:33  Missile Turret  
  136  21:36  SCV  
  137  21:44  SCV  
  138  21:48  Starport x2  
  138  21:50  Starport  
  138  21:53  Starport  
  138  21:55  Missile Turret  
  138  21:56  SCV  
  132  22:09  SCV  
  132  22:10  Orbital Command  
  124  22:21  SCV  
  124  22:33  SCV  
  125  22:37  Starport Tech Lab x3  
  125  22:52  Starport Tech Lab  
  125  23:07  Refinery x2  
  123  23:25  Command Center  
  123  23:30  Refinery  
  123  23:34  Battlecruiser x2  
  123  23:35  Battlecruiser x2  
  147  23:44  Weapon Refit  
  129  24:03  Command Center  
  125  24:19  Command Center  
  124  24:39  Battlecruiser x4  
  147  25:03  Widow Mine x4  
  147  25:04  Widow Mine x2  
  159  25:10  Widow Mine  
  159  25:11  Refinery, Drilling Claws  
  159  25:12  Refinery  
  161  25:27  Missile Turret  
  150  25:43  Battlecruiser  
  150  25:47  Missile Turret  
  153  26:01  Widow Mine x5  
  153  26:02  Widow Mine  
  162  26:08  Missile Turret  
  159  26:18  Missile Turret  
  159  26:19  Battlecruiser  
  159  26:20  Battlecruiser  
  167  26:29  Missile Turret  
  167  26:37  Missile Turret  
  155  26:50  Missile Turret  
  152  26:57  Missile Turret  
  101  28:35  Command Center  
  101  28:38  Command Center  
  89  28:45  Thor x2  
  89  28:46  Thor x2  
  89  28:47  Siege Tank  
  84  30:25  Missile Turret x2  
  84  30:26  Missile Turret  
  84  30:27  Missile Turret  
  84  30:28  Missile Turret  
  84  30:34  Planetary Fortress  
  84  30:47  Missile Turret  
  84  30:50  Refinery  
  84  30:53  Refinery  
  84  30:58  Battlecruiser x2  
  96  31:24  Widow Mine x3  
  92  32:24  Raven x2  
  96  33:05  Planetary Fortress  
  96  33:07  Raven  
  98  33:12  Orbital Command  
  98  33:44  SCV  
  99  33:56  SCV  
  99  34:02  Refinery  
  100  34:08  SCV  
  101  34:15  Fusion Core  
  101  34:19  Refinery  
  101  34:20  SCV  
  102  34:25  Siege Tank x5  
  102  34:27  Siege Tank  
  120  34:32  SCV  
  121  34:44  SCV  
  122  34:46  Missile Turret  
  122  34:47  Missile Turret  
  122  34:56  SCV  
  121  35:06  Missile Turret  
  121  35:08  SCV  
  121  35:09  Missile Turret  
  118  35:21  SCV  
  119  35:28  Missile Turret  
  119  35:39  Thor x3  
  119  35:40  Thor x3  
  143  36:00  Starport Tech Lab  
  143  36:06  Thor  
  143  36:10  Terran Ship Weapons Level 3  
  142  38:05  Thor x4  
  148  38:06  Thor x2  
  166  38:48  Command Center  
  166  38:50  Command Center  
  166  39:12  Battlecruiser  
  160  39:42  Refinery  
  160  40:02  Battlecruiser  
  160  40:22  Starport Tech Lab  
  153  40:34  Battlecruiser  
  159  40:53  Planetary Fortress, Missile Turret  
  141  41:09  Refinery  
  141  41:12  Refinery, Missile Turret  
  141  41:32  Missile Turret  
  141  41:44  Battlecruiser  
  141  41:52  Missile Turret  
  141  42:44  Battlecruiser  
  117  43:08  Planetary Fortress  
  116  43:25  Missile Turret  
  115  43:36  Battlecruiser  
  118  43:48  Command Center  
  118  43:55  Battlecruiser  
  124  44:12  Command Center  
  104  45:00  Battlecruiser  
  109  45:48  Battlecruiser  
  115  46:06  Missile Turret  
  115  46:35  Missile Turret  
  115  46:38  Missile Turret  
  115  46:48  Planetary Fortress  
  115  46:55  SCV  
  115  46:56  Missile Turret  
  115  46:58  Missile Turret  
  116  47:07  SCV, Battlecruiser  
  123  47:14  Refinery  
  123  47:16  Missile Turret  
  123  47:18  Raven  
  123  47:19  SCV  
  126  47:31  SCV  
  127  47:43  SCV  
  128  47:45  SCV  
  122  48:41  Widow Mine x6  
  122  48:42  Widow Mine  
  136  49:24  Battlecruiser  
  136  49:25  Battlecruiser x2  
  84  52:32  Battlecruiser x3  
  84  52:33  Battlecruiser  
  108  52:43  Missile Turret  
  108  53:20  Command Center  
  108  53:26  Refinery  
  108  53:36  Battlecruiser x2  
  108  53:37  Battlecruiser  
  117  55:56  Missile Turret  
  117  56:05  Refinery  
  117  56:06  Missile Turret  
  117  56:09  Refinery  
  29  58:44  Barracks  
  29  58:45  Barracks  
  29  58:46  Barracks  
  29  58:47  Barracks  
  29  59:00  Hellbat x6  
  29  59:01  Hellbat  
  41  59:21  Hellbat x4  
  41  59:22  Hellbat x3  
  55  59:32  Barracks  
  55  59:35  Barracks  
  55  59:37  Marine x3  
  55  59:38  Marine  
  59  59:42  Hellbat  
  59  59:43  Hellbat x6  
  73  59:53  Terran Infantry Weapons Level 1  
  73  59:55  Marine x4  
  77  60:04  Hellbat  
  79  60:13  Marine x4  
  83  60:31  Marine x3  
  83  60:32  Marine x3  
  89  60:48  Marine  
  89  60:49  Marine x2  
  92  60:50  Marine x3  
  97  61:04  Hellbat x2  
  97  61:05  Hellbat x4  
  97  61:06  Marine x2, Hellbat  
  97  61:07  Marine x2  
  97  61:08  Marine x2  
  115  61:24  Marine x3  
  115  61:25  Marine  
  118  61:26  Marine x2  
  121  61:38  Missile Turret  
  121  61:42  Marine x2  
  104  61:58  Marine x4  
Show
View Real Time Build Order
Export as new Build Order

eXile Zerg - Winner!

Build Orders: Hatch First 

Get SALT Encoding   

  12  0:01  Drone  
  13  0:13  Overlord  
  13  0:23  Drone  
  14  0:31  Drone x2  
  16  0:41  Drone  
  17  0:53  Hatchery  
  16  0:57  Drone  
  16  1:01  Extractor  
  16  1:02  Drone  
  17  1:22  Spawning Pool  
  17  1:23  Drone x2  
  18  1:31  Drone  
  19  1:39  Overlord  
  19  2:02  Drone x2  
  21  2:08  Queen  
  21  2:09  Metabolic Boost  
  21  2:10  Queen  
  25  2:20  Zergling x2  
  25  2:21  Zergling x4  
  28  2:27  Overlord  
  28  2:35  Drone  
  28  2:36  Drone  
  30  2:44  Pneumatized Carapace  
  30  2:49  Drone x3  
  33  2:59  Drone  
  33  3:00  Drone  
  33  3:03  Queen  
  37  3:10  Drone x2  
  39  3:20  Drone  
  39  3:21  Overlord, Drone x2  
  42  3:28  Roach Warren  
  42  3:30  Drone x2  
  42  3:31  Drone  
  44  3:50  Zergling x14  
  44  3:51  Zergling x2  
  44  3:53  Overlord x2  
  52  4:07  Extractor  
  52  4:08  Overlord  
  52  4:09  Queen  
  51  4:10  Extractor  
  52  4:32  Lair  
  52  4:33  Drone x4  
  52  4:34  Drone x7  
  63  4:45  Queen  
  63  4:47  Evolution Chamber x2  
  63  5:14  Zerg Missile Weapons Level 1, Hatchery  
  63  5:15  Zerg Ground Armor Level 1  
  63  5:20  Baneling Nest  
  61  5:34  Spore Crawler  
  60  5:37  Spore Crawler  
  60  5:41  Overseer  
  59  6:03  Queen  
  61  6:05  Roach x2  
  61  6:06  Roach  
  64  6:47  Queen  
  64  6:49  Drone  
  64  6:50  Drone x4  
  64  6:51  Drone x3  
  64  6:52  Overlord  
  64  6:53  Overlord x4  
  74  7:06  Spore Crawler  
  73  7:09  Spine Crawler  
  73  7:10  Overlord x2, Spore Crawler  
  73  7:12  Zerg Ground Armor Level 2, Zerg Missile Weapons Level 2  
  71  7:34  Roach x2  
  71  7:35  Roach x8  
  71  7:36  Roach x6  
  103  7:41  Infestation Pit  
  102  7:45  Burrow  
  102  7:47  Drone x3, Extractor  
  102  7:48  Extractor  
  102  7:49  Queen  
  105  8:03  Spine Crawler  
  104  8:07  Spine Crawler  
  103  8:27  Drone, Extractor  
  103  8:28  Drone x6  
  103  8:29  Overlord, Drone x4, Hatchery  
  103  8:30  Overlord x2  
  110  8:40  Roach x2  
  110  8:41  Roach x2  
  111  8:42  Pathogen Glands  
  110  8:50  Roach x3  
  116  9:02  Ravager x5  
  122  9:03  Ravager  
  122  9:20  Hatchery  
  122  9:21  Roach, Infestor  
  122  9:22  Roach  
  129  9:34  Hive  
  127  9:58  Roach x5  
  127  9:59  Roach x3, Infestor  
  145  10:04  Roach x4  
  145  10:05  Roach x3  
  159  10:08  Drone  
  159  10:13  Overlord x2  
  160  10:35  Infestor x2  
  160  10:36  Infestor  
  166  10:44  Ravager x2  
  168  10:55  Overlord x3  
  168  10:56  Overlord x2  
  168  11:03  Overlord x4  
  151  11:20  Roach  
  151  11:21  Roach x8  
  169  11:43  Roach x2  
  169  11:44  Overlord x2  
  169  11:45  Drone x2  
  169  11:46  Drone x5  
  175  12:50  Roach x6  
  175  12:51  Roach x3, Viper x2  
  185  13:57  Ravager x5  
  185  13:58  Ravager  
  185  13:59  Ravager x3  
  194  14:18  Zerg Missile Weapons Level 3  
  194  14:19  Zerg Ground Armor Level 3  
  194  15:11  Roach x3  
  88  15:45  Zergling x18  
  88  15:46  Zergling x46  
  88  15:49  Extractor  
  119  15:51  Queen, Extractor  
  120  16:08  Evolution Chamber  
  111  16:13  Swarm Host  
  111  16:14  Swarm Host x6  
  111  16:15  Swarm Host x4  
  144  16:23  Swarm Host x5  
  144  16:24  Swarm Host x3  
  157  16:36  Drone x3  
  159  17:03  Hatchery  
  144  17:16  Spire  
  144  17:17  Spire  
  142  18:07  Infestor  
  142  18:08  Infestor x2, Swarm Host  
  142  18:09  Swarm Host x6  
  142  18:10  Swarm Host  
  175  18:42  Zerg Flyer Weapons Level 1  
  175  18:43  Greater Spire  
  175  19:34  Corruptor x5  
  175  19:35  Corruptor x2  
  189  19:41  Hydralisk Den  
  188  20:18  Corruptor x3  
  188  20:19  Corruptor x2  
  198  20:26  Lurker Den  
  198  20:28  Hydralisk  
  194  21:37  Brood Lord  
  194  21:38  Brood Lord x2  
  173  22:20  Brood Lord x3  
  173  22:21  Brood Lord, Hydralisk  
  173  22:22  Hydralisk x4  
  191  22:38  Hydralisk x2  
  191  22:39  Hydralisk x2  
  199  22:48  Overseer  
  199  23:07  Hatchery  
  198  23:23  Lurker x2  
  200  23:37  Zerg Flyer Weapons Level 2  
  191  24:15  Lurker x7  
  198  25:16  Brood Lord  
  190  26:43  Corruptor x4  
  186  26:50  Corruptor x9  
  186  26:51  Corruptor x3  
  180  27:00  Extractor  
  157  27:02  Extractor  
  117  27:25  Zerg Flyer Armor Level 1  
  114  27:51  Hydralisk x3  
  104  28:12  Queen  
  104  28:13  Queen  
  104  28:15  Queen  
  104  28:17  Queen  
  105  28:22  Queen  
  107  28:36  Overseer  
  103  28:47  Hatchery  
  100  28:48  Queen  
  100  28:49  Zergling x2, Queen  
  100  28:50  Zergling x54, Queen  
  100  28:51  Zergling x24  
  100  28:53  Queen  
  146  28:58  Queen  
  145  29:10  Hatchery  
  144  29:24  Queen  
  144  29:26  Queen  
  123  29:43  Zergling x2  
  123  29:44  Zergling x34  
  123  29:45  Zergling x42  
  125  30:33  Zergling x10  
  127  31:00  Swarm Host x2  
  127  31:01  Swarm Host x2  
  102  31:48  Drone x4  
  102  31:52  Extractor  
  102  31:53  Extractor  
  101  32:14  Queen  
  101  32:15  Queen  
  99  32:18  Queen  
  101  32:50  Queen  
  101  32:51  Queen  
  103  32:54  Queen  
  103  32:55  Hatchery  
  106  33:14  Corruptor  
  104  33:38  Queen  
  106  33:58  Corruptor x2  
  110  34:14  Queen  
  112  34:24  Extractor  
  112  34:26  Drone x2  
  112  34:27  Drone x3  
  116  34:49  Zerg Melee Weapons Level 1  
  112  35:26  Spire  
  111  35:28  Spawning Pool  
  110  36:02  Drone x8  
  110  36:03  Drone x3  
  121  36:06  Drone x2  
  117  36:41  Zergling x2, Corruptor x3  
  122  36:50  Zergling x8  
  122  37:21  Hatchery  
  121  37:29  Greater Spire  
  121  37:32  Drone  
  121  37:33  Drone x2, Queen  
  121  37:36  Drone x3  
  129  37:57  Spire  
  128  38:31  Roach  
  128  38:32  Roach x8  
  128  38:33  Zergling x12, Roach x2  
  128  38:34  Zergling x4  
  125  39:20  Swarm Host x5  
  112  39:41  Hydralisk x4  
  118  40:22  Corruptor  
  118  40:23  Corruptor x5  
  130  40:33  Hatchery  
  123  41:17  Brood Lord x3  
  127  42:11  Lurker  
  127  42:12  Lurker x2  
  130  42:17  Lurker  
  128  43:15  Zerg Flyer Weapons Level 3, Extractor  
  128  43:16  Zerg Flyer Armor Level 2  
  128  43:19  Zergling x6  
  130  43:28  Overseer  
  130  43:29  Overseer  
  128  45:22  Overlord x2  
  128  45:28  Hatchery  
  127  46:16  Hatchery  
  126  46:22  Brood Lord  
  117  46:35  Hydralisk Den  
  116  48:16  Corruptor  
  116  48:17  Corruptor x5  
  122  48:29  Extractor x2  
  117  49:13  Swarm Host x4  
  120  49:57  Corruptor x3  
  125  50:15  Queen  
  125  50:16  Queen  
  125  50:17  Queen  
  131  50:24  Queen  
  131  50:51  Queen x2  
  131  50:52  Queen  
  96  52:42  Lair  
  96  53:35  Zergling x6  
  96  53:36  Zergling x12  
  96  53:37  Zergling x6  
  90  54:22  Infestation Pit  
  90  54:23  Corruptor x7  
  90  54:24  Corruptor x2  
  107  54:37  Queen  
  109  54:49  Drone  
  110  55:12  Queen  
  112  55:42  Swarm Host  
  112  55:43  Swarm Host x9  
  107  57:18  Corruptor x3  
  107  57:19  Corruptor x3  
  117  58:01  Hatchery  
  116  58:38  Overseer  
  116  59:11  Corruptor  
  116  59:12  Corruptor x2  
  122  59:26  Queen  
  122  59:27  Queen  
  126  60:33  Swarm Host x4  
  138  61:01  Roach Warren  
  97  62:22  Mutalisk x5  
Tags
 
Composition
Mech
League
Gold
Matchup
TvZ
Spawn Locations
Cross Positions
Add a new tag
Caveats
  • Supply blocks, unpowered buildings, or Contaminate may cause inaccurate times.
  • Supply counts are checked every 10 seconds.